 Dungeon Crawl Stone Soup version 0.23-a0-8-gb809bb7 (webtiles) character file.

949 prawnwizard the Grave Robber (level 7, -15/46 HPs)
             Began as a Mummy Necromancer on Aug 1, 2018.
             Demolished by an ogre
             ... wielding a +0 giant club
              (24 damage)
             ... on level 4 of the Dungeon.
             The game lasted 00:11:26 (4303 turns).

prawnwizard the Grave Robber (Mummy Necromancer)    Turns: 4303, Time: 00:11:26

Health: -15/46     AC:  2    Str: 12    XL:     7   Next: 90%
Magic:  0/15       EV: 13    Int: 16    God:
Gold:   316        SH:  0    Dex: 12    Spells: 9/17 levels left

rFire    x . .     SeeInvis .   n - +0 whip (elec)
rCold    + . .     Gourm    .   (no shield)
rNeg     + + +     Faith    .   a - +0 robe
rPois    ∞         Spirit   +   (no helmet)
rElec    .         Reflect  .   l - scarf {Spirit}
rCorr    .         Harm     .   (no gloves)
MR       .....                  (no boots)
Stlth    ++........             (no amulet)
HPRegen  0.15/turn              (no ring)
MPRegen  0.14/turn              (no ring)

@: no status effects
A: no food or potions, fire vulnerability, cold resistance 1, negative energy
resistance 3, torment resistance, unbreathing
a: no special abilities


You were on level 4 of the Dungeon.
You were not hungry.

You visited 1 branch of the dungeon, and saw 5 of its levels.

You collected 316 gold pieces.

Inventory:

Hand Weapons
 c - a +1 dagger of venom
 n - a +0 whip of electrocution (weapon)
Armour
 a - a +0 robe (worn)
 l - a scarf of spirit shield (worn)
Wands
 m - a wand of iceblast (5)
 o - a wand of enslavement (8)
Scrolls
 b - a scroll of enchant weapon
 d - 2 scrolls of teleportation
 e - a scroll of magic mapping {unknown}
 f - a scroll of fear {unknown}
 g - 2 scrolls of remove curse
 h - 2 scrolls of fog {unknown}
 i - 4 scrolls of blinking {unknown}
 j - a scroll of identify
 k - 2 scrolls of amnesia {unknown}


   Skills:
 + Level 4.0 Dodging
 - Level 1.5 Stealth
 + Level 5.9 Spellcasting
 * Level 7.6 Necromancy


You had 9 spell levels left.
You knew the following spells:

 Your Spells              Type           Power        Failure   Level  Hunger
a - Pain                  Necr           ####         1%          1    N/A
b - Animate Dead          Necr           N/A          6%          4    N/A
c - Vampiric Draining     Necr           ####......   1%          3    N/A

Your spell library contained the following spells:

 Spells                   Type           Power        Failure   Level  Hunger
 Apportation              Tloc           #.....       14%         1    N/A
 Summon Small Mammal      Summ           #...         14%         1    N/A
 Animate Skeleton         Necr           N/A          1%          1    N/A
 Regeneration             Chrm/Necr      ###.......   9%          3    N/A
 Confusing Touch          Hex            #.....       14%         1    N/A

Dungeon Overview and Level Annotations

Branches:
Dungeon (5/15)
 Temple: D:4-7

Altars:
Gozag
Xom
Yredelemnul
Zin

Shops:
D:4 [   D:5 [


Innate Abilities, Weirdness & Mutations

You do not eat or drink.
Your flesh is vulnerable to fire.
You are immune to poison.
Your flesh is cold resistant. (rC+)
You are immune to negative energy. (rN+++)
You are immune to unholy pain and torment.
You can survive without breathing.


Message History

You see here an arrow.
Found a stone staircase leading up.
A hound comes into view.
The hound barks!
The hound bites you.
* * * LOW HITPOINT WARNING * * *
There is a stone staircase leading up here.
The ogre closely misses you. The hound bites you.
* * * LOW HITPOINT WARNING * * *
You climb upwards.
There is a stone staircase leading down here.
Casting: Pain (safe; 1% risk of failure)
Confirm with . or Enter, or press ? or * to list all spells.
Aiming: Pain (safe; 1% risk of failure)
Press: ? - help, Shift-Dir - straight line, f - hound
Aim: a hound (chance to defeat MR: 89%)
The hound writhes in agony!
The hound closely misses you. The ogre hits you with a giant club!!
Ouch! That really hurt!
You die...

.......###
#........_......#
#..#####
#...###.....###.#
......# ##...# #.....#
#.# ......# #...##
###.### #.# ......#
##.### #.# #.# ......#
##..########.#####.#
......#
#..........#.##.##.#
......##
#..O.h.....#.......#
...#...#
##...@......^.#######
.#.###.###
#.!..........## ##.#
#...# #...........##
##.#
###.###..........##
#.###................#
#.#...##.#.#.........#
##...###....#.........#
.........##...........#
#.##.########.........#


You could see an ogre and a hound.

Vanquished Creatures
  Pikel (D:5)
  Edmund (D:4)
  An ogre (D:4)
  A bullfrog (D:5)
  A centaur skeleton (D:4)
  A worker ant (D:5)
  A hound zombie (D:5)
  Robin (D:3)
  4 gnolls (D:3)
  5 adders
  A worm (D:3)
  4 dart slugs
  2 leopard geckos
  3 orcs
  5 bats
  2 giant cockroaches
  14 goblins
  11 hobgoblins
  8 kobolds
  2 quokkas
  5 frilled lizards
  A quokka zombie (D:5)
  8 rats
83 creatures vanquished.

Vanquished Creatures (others)
  A slave (D:5)
  A hound zombie (D:5)
  3 gnolls (D:5)
  An adder (D:5)
  An ooze (D:5)
7 creatures vanquished.

Grand Total: 90 creatures vanquished

Notes
Turn   | Place    | Note
-------+----------+-------------------------------------------
     0 | D:1      | prawnwizard the Mummy Necromancer began the quest for the Orb.
     0 | D:1      | Reached XP level 1. HP: 13/13 MP: 4/4
   272 | D:1      | Reached XP level 2. HP: 19/19 MP: 3/5
   832 | D:2      | Reached XP level 3. HP: 24/24 MP: 0/7
  1381 | D:3      | Reached XP level 4. HP: 28/30 MP: 9/9
  1534 | D:3      | Reached skill level 5 in Necromancy
  2431 | D:3      | Reached XP level 5. HP: 31/35 MP: 5/10
  2485 | D:3      | Noticed Robin
  2491 | D:3      | Killed Robin
  2746 | D:3      | Found a shimmering altar of Xom.
  2777 | D:4      | Noticed an ogre
  2793 | D:4      | Killed an ogre
  2905 | D:4      | Reached XP level 6. HP: 5/41 MP: 1/12
  3204 | D:4      | Learned a level 4 spell: Animate Dead
  3208 | D:4      | Learned a level 3 spell: Vampiric Draining
  3228 | D:4      | Found a glowing silver altar of Zin.
  3339 | D:4      | Found Gebbajobli's Armour Shoppe.
  3432 | D:4      | Noticed Edmund
  3446 | D:4      | Killed Edmund
  3446 | D:4      | Reached skill level 6 in Necromancy
  3656 | D:5      | Entered Level 5 of the Dungeon
  3824 | D:5      | Noticed a slave
  3826 | D:5      | Noticed Pikel
  3826 | D:5      | Noticed a slave
  3826 | D:5      | Noticed a slave
  3830 | D:5      | Noticed a slave
  3844 | D:5      | Killed Pikel
  3844 | D:5      | Reached skill level 5 in Spellcasting
  3844 | D:5      | Reached skill level 7 in Necromancy
  3844 | D:5      | Reached XP level 7. HP: 24/46 MP: 1/15
  3996 | D:5      | Found Alintaho's Armour Boutique.
  4003 | D:5      | Found an opulent altar of Gozag.
  4150 | D:5      | Found a basalt altar of Yredelemnul.
  4303 | D:4      | Demolished by an ogre

Vault maps used:
D:1:      dpeg_arrival_erosion
D:3:      minmay_misc_feat_nine_boxes, xom_teletrap_fun, uniq_robin
D:4:      nicolae_overflow_crystal_walls, marbit_many_paths, serial_shops,
          shop_fountains, hangedman_decor_growths, minmay_bisected, uniq_edmund
D:5:      lemuel_round_altar, first_ration, serial_shops, shop,
          nicolae_gozag_seed_capital, uniq_pikel

Skill      XL: |  1  2  3  4  5  6  7 |
---------------+----------------------+-----
Spellcasting   | 3 4 5 |  5.9
Dodging        | 2 3 4 |  4.0
Necromancy     | 5 7 |  7.6
Stealth        | |  1.5

Action                   |  1- 3 |  4- 6 |  7- 9 || total
-------------------------+-------+-------+-------++-------
Melee: Unarmed           |     1 |       |       ||     1
       Dagger            |    15 |    86 |       ||   101
       Whip              |       |       |    24 ||    24
 Cast: Pain              |    60 |    75 |     3 ||   138
       Animate Dead      |       |     1 |       ||     1
       Vampiric Draining |       |     1 |       ||     1
  Use: Scroll            |       |     4 |       ||     4
Armor: Robe              |     6 |     8 |     2 ||    16
Dodge: Dodged            |    22 |    62 |    23 ||   107

Table legend:
 A = Spawn XP
 B = Non-spawn XP
 C = Spawn XP percentage of total XP
 D = Spawn monster count
 E = Non-spawn monster count
 F = Spawn count percentage of total count
 G = Total turns spent on level
                    A         B        C        D         E        F      G
               +---------+---------+-------+---------+---------+-------+---------
         Total |       0 |    1357 |   0.0 |       0 |      83 |   0.0 |  4303
               +---------+---------+-------+---------+---------+-------+---------
           D:1 |       0 |      32 |   0.0 |       0 |      20 |   0.0 |   762
           D:2 |       0 |      51 |   0.0 |       0 |      16 |   0.0 |   731
           D:3 |       0 |     149 |   0.0 |       0 |      32 |   0.0 |  1280
           D:4 |       0 |     319 |   0.0 |       0 |       6 |   0.0 |   884
           D:5 |       0 |     806 |   0.0 |       0 |       9 |   0.0 |   646
               +---------+---------+-------+---------+---------+-------+---------
